Map: Mech Depot LE

Players

AlphaPig - Winner!

  • Race: Zerg Zerg
  • League: Diamond
  • Spawn Location: 1:00

nivek

  • Race: Zerg Zerg
  • League: Diamond
  • Spawn Location: 7:00

VOD

https://go.twitch.tv/videos/186074637

Description

Time

  • Played on: Oct. 28, 2017, 1:15 a.m.
  • Length: 7:50
Show
View Real Time Build Order
Export as new Build Order

AlphaPig Zerg - Winner!

Build Orders: Pool First 

Get SALT Encoding   

  12  0:01  Drone  
  13  0:08  Drone  
  14  0:16  Overlord  
  14  0:24  Extractor  
  14  0:25  Drone  
  15  0:35  Drone x2  
  17  0:44  Drone  
  17  0:49  Extractor  
  17  0:55  Drone  
  18  0:58  Spawning Pool  
  17  1:06  Drone  
  18  1:19  Hatchery  
  17  1:45  Queen  
  19  1:47  Zergling x4  
  19  1:48  Zergling x2  
  22  1:58  Overlord  
  22  2:21  Queen  
  22  2:22  Drone  
  25  2:29  Metabolic Boost  
  25  2:30  Hatchery  
  25  2:36  Drone  
  26  2:37  Drone  
  26  2:46  Drone x2  
  26  3:03  Zergling x6  
  28  3:07  Drone x4  
  32  3:14  Overlord  
  32  3:19  Zergling x2  
  33  3:23  Baneling Nest  
  32  3:33  Zergling x4  
  34  3:48  Spine Crawler, Zergling x4  
  33  3:49  Zergling x2, Queen  
  38  4:07  Zergling x8  
  38  4:11  Baneling x3  
  38  4:15  Zergling x6  
  41  4:17  Drone x2  
  41  4:19  Drone  
  44  4:24  Queen  
  44  4:29  Drone  
  44  4:31  Evolution Chamber  
  42  4:41  Drone  
  42  4:42  Drone x2  
  45  4:46  Overlord  
  45  4:50  Zergling x2  
  45  4:51  Zergling x4  
  45  4:52  Baneling x3  
  48  4:57  Zergling x4  
  49  5:00  Overlord  
  49  5:08  Drone x3  
  49  5:09  Drone  
  52  5:15  Baneling x2  
  52  5:18  Zergling x4  
  52  5:19  Overlord, Zergling x2  
  55  5:26  Zergling x4  
  57  5:31  Zergling x2  
  57  5:32  Zergling x2  
  51  5:43  Zergling x10  
  51  5:48  Zergling x6  
  56  5:54  Zergling x4  
  58  6:01  Baneling  
  58  6:03  Baneling x2  
  58  6:04  Zergling x4  
  58  6:06  Drone x3  
  58  6:08  Extractor  
  62  6:16  Baneling  
  62  6:17  Baneling  
  62  6:19  Baneling x3  
  62  6:23  Zergling x4, Drone  
  62  6:24  Overlord x2, Drone x2  
  59  6:32  Zergling x4  
  59  6:33  Zergling x4  
  59  6:36  Baneling  
  55  6:50  Zergling x14  
  55  6:51  Zergling x4  
  62  6:57  Zergling x2  
  62  7:10  Zergling x4  
  62  7:11  Zergling x10  
  67  7:19  Zergling x10  
  69  7:26  Hatchery  
  69  7:27  Baneling  
  69  7:28  Baneling  
  66  7:34  Baneling x2  
Show
View Real Time Build Order
Export as new Build Order

nivek Zerg 

Build Orders: Hatch First 

Get SALT Encoding   

  12  0:01  Drone  
  13  0:10  Drone  
  14  0:18  Overlord  
  14  0:36  Drone x2  
  14  0:37  Drone  
  17  1:02  Hatchery  
  16  1:05  Drone x2  
  16  1:08  Extractor  
  17  1:18  Spawning Pool  
  16  1:24  Drone x2  
  18  1:37  Overlord  
  18  1:42  Drone  
  19  2:04  Drone x2  
  19  2:06  Queen  
  23  2:14  Queen  
  25  2:16  Metabolic Boost  
  25  2:23  Zergling x4  
  27  2:36  Baneling Nest  
  26  2:40  Drone x4  
  30  2:48  Zergling x4  
  31  2:56  Overlord  
  30  2:59  Zergling x2  
  31  3:11  Zergling x2  
  32  3:13  Overlord  
  32  3:25  Drone x2  
  34  3:28  Hatchery  
  34  3:32  Drone x2  
  35  3:44  Baneling  
  35  3:48  Baneling  
  35  3:51  Zergling x6  
  37  4:08  Zergling x10  
  40  4:10  Drone x6  
  45  4:27  Lair  
  42  4:34  Extractor  
  42  4:35  Extractor  
  39  4:45  Drone x3  
  41  4:46  Extractor, Drone  
  41  4:47  Drone x6  
  41  4:52  Zergling x2  
  49  4:54  Overlord x3  
  47  5:02  Zergling x6  
  47  5:24  Baneling  
  47  5:25  Baneling x3  
  47  5:26  Zergling x2  
  47  5:27  Zergling x6  
  51  5:35  Zergling x8  
  41  5:53  Drone x3, Queen  
  41  5:57  Baneling  
  46  6:10  Spire, Drone x5  
  50  6:12  Baneling x2  
  50  6:13  Baneling  
  50  6:20  Zergling x6  
  47  6:47  Zergling x10  
  45  6:54  Queen  
  44  6:56  Drone x4  
  44  7:00  Zergling x2  
  47  7:12  Baneling x2  
  47  7:13  Baneling  
  47  7:15  Zergling x6  
  47  7:24  Overlord  
  44  7:32  Zergling x8  
Tags
 
Add a new tag
Caveats
  • Supply blocks, unpowered buildings, or Contaminate may cause inaccurate times.
  • Supply counts are checked every 10 seconds.